 Dungeon Sprint DCSS version 0.17-a0-1753-g75d4604 (webtiles) character file.

9533 KambridgeKobold the Unseen (level 11, 0/58 HPs)
             Began as a Spriggan Conjurer on Sept 2, 2015.
             Was the Champion of Jiyva.
             Slain by the 27-headed Lernaean hydra (12 damage)
             ... in the Dungeon (Sprint I: "Red Sonja").
             The game lasted 00:51:28 (3303 turns).

KambridgeKobold the Unseen (Spriggan Conjurer)      Turns: 3303, Time: 00:51:28

Health: 0/58       AC: 16    Str: 11    XL:     11   Next: 24%
Magic:  27/31      EV: 27    Int: 20    God:    Jiyva [******]
Gold:   99         SH:  0    Dex: 15    Spells: 9 memorised, 0 levels left

rFire  . . .     SeeInvis +     q - +1 dagger (venom)
rCold  . . .     Clarity  .     a - +1 robe
rNeg   . . .     SustAt   .     (shield restricted)
rPois  +         Gourm    .     (helmet restricted)
rElec  .         Spirit   .     (no cloak)
rCorr  +         Warding  .     (gloves unavailable)
rMut   .         NoTele   +     (boots unavailable)
MR     +....                    (no amulet)
Stlth  +++.......               (no ring)
                                j - +6 ring of protection

@: contaminated, glowing, very quick, somewhat resistant to hostile
enchantments, fairly stealthy
A: unfitting armour, beak, claws 1, talons 2, rough black scales 1, thin
metallic scales 2, see invisible, agile 1, herbivore 3, speed 3, sense
surroundings 1, poison resistance, slow metabolism 2, strong 2, eyeballs 1,
translucent skin 2, evolution 2, tendrils, jelly absorbing missiles
a: Request Jelly, Jelly Paralyse, Slimify, Cure Bad Mutation, Renounce Religion


You were in the Dungeon.
You worshipped Jiyva.
Jiyva was exalted by your worship.
You were completely stuffed.

You visited 1 branch You collected 1390 gold pieces.
You spent 1291 gold pieces at shops.

Inventory:

Hand weapons
 h - a +0 club
 k - a +0 blowgun
 l - a +0 dagger of distortion
 q - a +1 dagger of venom (weapon)
Missiles
 m - 4 curare-tipped needles
Armour
 a - a +1 robe (worn)
Jewellery
 j - a +6 ring of protection (left claw)
Scrolls
 b - a scroll of recharging
 i - 3 scrolls of blinking
 r - a scroll of enchant armour
 s - a scroll of identify
 u - a scroll of amnesia
Potions
 d - 2 potions of curing
 e - a potion of heal wounds
 f - a potion of haste
 g - 2 potions of magic
 o - a potion of flight
 t - a potion of cancellation
Books
 n - a book of Power

   Spells                             Type                      Level
   a - Fulminant Prism                Conjuration/Hexes            4
   b - Iskenderun's Mystic Blast      Conjuration                  4
   c - Venom Bolt                     Conjuration/Poison           5
   d - Bolt of Magma                  Conjuration/Fire/Earth       5
   e - Iron Shot                      Conjuration/Earth            6
   f - Orb of Destruction             Conjuration                  7
   g - Spellforged Servitor           Conjuration/Summoning        7
 p - a book of Ice

   Spells                             Type                      Level
   a - Ice Form                       Ice/Transmutation            4
   b - Metabolic Englaciation         Hexes/Ice                    5
   c - Ozocubu's Refrigeration        Ice                          6
   d - Bolt of Cold                   Conjuration/Ice              6
   e - Freezing Cloud                 Conjuration/Ice/Air          6
   f - Simulacrum                     Ice/Necromancy               6
Comestibles
 c - a bread ration


   Skills:
 - Level 7.3 Fighting
 - Level 13.3 Dodging
 - Level 16.0 Stealth
 + Level 15.3 Spellcasting
 - Level 8.6 Conjurations
 - Level 10.8 Hexes
 - Level 11.6 Charms
 - Level 4.7 Summonings
 + Level 0.0 Transmutations
 - Level 3.5 Fire Magic
 + Level 0.0 Ice Magic
 - Level 3.9 Earth Magic
   Level 1.8 Poison Magic


You couldn't memorise any spells.
You knew the following spells:

 Your Spells              Type           Power        Failure   Level  Hunger
a - Magic Dart            Conj           ####         1%          1    None
b - Orb of Destruction    Conj           ######....   87%         7    ######.
c - Dazzling Spray        Conj/Hex       ######..     1%          3    None
d - Iskenderun's Mystic   Conj           ######..     1%          4    None
e - Fulminant Prism       Conj/Hex       ######....   1%          4    None
f - Iskenderun's Battles  Conj/Chrm      ######..     1%          5    ###....
h - Bolt of Magma         Conj/Fire/Erth #####.....   14%         5    ###....
i - Spellforged Servitor  Conj/Summ      #####.....   99%         7    ######.
j - Ice Form              Ice/Trmt       ###.....     45%         4    None


Dungeon Overview and Level Annotations

Branches:
Dungeon (1/1)

Altars:
Cheibriados
Dithmenos
Elyvilon
Fedhas
Gozag
Kikubaaqudgha
Makhleb
Nemelex Xobeh
Okawaru
Qazlal
Ru
Sif Muna
Trog
Vehumet
Xom
Yredelemnul
Zin
The Shining One
Jiyva

Shops:
D :!(?*(::!%[}*[(?([%[[:

Annotations:
D Lernaean hydra, Lom Lobon, Norris


Innate Abilities, Weirdness & Mutations

You are tiny and cannot use many weapons and most armour.
You have supernaturally acute eyesight.
You are a herbivore.
You cover ground extremely quickly.
You need consume almost no food.
You have a beak for a mouth.
You have sharp fingernails.
You have razor-sharp toenails.
You are partially covered in rough black scales (AC +4, Dex -1).
You are mostly covered in thin metallic scales (AC +3).
You are agile. (Dex +2)
You passively map a small area around you.
Your system is resistant to poisons.
Your muscles are very strong. (Str +4)
Your body is partially covered in golden eyeballs (Acc +3).
Your skin is mostly translucent (Stealth, -foe acc).
You rapidly evolve.
You are covered in slimy tendrils that may disarm your opponents.
You have a small jelly attached to you that may absorb incoming projectiles.


Message History

The 27-headed Lernaean hydra bites you but does no damage.
The 27-headed Lernaean hydra bites you.
The 27-headed Lernaean hydra bites you but does no damage.
The 27-headed Lernaean hydra closely misses you.
The 27-headed Lernaean hydra completely misses you.
The 27-headed Lernaean hydra closely misses you.
The 27-headed Lernaean hydra bites you but does no damage.
The 27-headed Lernaean hydra bites you!!
You shudder from the blow and a jelly pops out!
The 27-headed Lernaean hydra completely misses you.
The 27-headed Lernaean hydra bites you but does no damage.
The 27-headed Lernaean hydra bites you!
The 27-headed Lernaean hydra bites you but does no damage.
The 27-headed Lernaean hydra completely misses you.
The 27-headed Lernaean hydra bites you. x2
* * * LOW HITPOINT WARNING * * *
The 27-headed Lernaean hydra bites you.
* * * LOW HITPOINT WARNING * * *
The 27-headed Lernaean hydra bites you!
You die...

#################################
.G#__#......#..#§§.§§§§§§.§...#§§
..'.....#..§##§#§####§§§..##.....
#.#__####....§§#§#.###§§§#######'
#.####§§#####.§§§#.#.###.# ##.§
#§#§§§§J#§§##'####...#@#§##...#..
..§§§≈§§§§§#§§.DJ#...###..###.#..
§§#§§§§.#§§#.§§§@......##.#A#.#.)
#'##§#####§###§§J#.....#,.###.#..
#.#§§..###§§§#§§.###''## ##...#..
####§###.###.#§.###..## x###..
.'.....J.∩##.#.§#*##.. * , #.≈).
.###########§##'#, #§.# * #.≈..
###....§J.##§##.#, ..§. , * ###..
#.#.....§§.'.#### ..... , #.'..
..#.''######§# ....# #.##'


You could see Norris (invisible), the 27-headed Lernaean hydra, a neutral jelly
(fellow slime) and a friendly death ooze.

Vanquished Creatures
  A deep elf annihilator (D)
  A mummy priest (D)
  A hydra (D)
  Sonja (D)
  2 unseen horrors (D)
  A deep troll (D)
  A lindwurm (D)
  2 oklob plants (D)
  A siren (D)
  2 gargoyles (D)
  2 kobold demonologists (D)
  Sigmund (D)
  2 hogs (D)
  A trapdoor spider (D)
  A yak (D)
  An ogre (D)
  Ijyb (D)
  2 ballistomycetes (D)
  A giant spore (D)
25 creatures vanquished.

Vanquished Creatures (collateral kills)
  A lorocyproca (D)
  A centaur warrior (D)
  4 demonic crawlers (D)
  11 hogs (D)
17 creatures vanquished.

Vanquished Creatures (others)
  A deep elf master archer (D)
  A shadow dragon (D)
  A centaur warrior (D)
  4 unseen horrors (D)
  3 shining eyes (D)
  A siren (D)
  A hellwing (D)
  A slime creature (D)
  2 trapdoor spiders (D)
  5 wasps (D)
  7 necrophages (D)
  61 jellies (D)
  5 giant eyeballs (D)
  2 fulminant prisms (D)
  A giant spore (D)
96 creatures vanquished.

Grand Total: 138 creatures vanquished

Notes
Turn   | Place    | Note
--------------------------------------------------------------
     0 | D        | KambridgeKobold the Spriggan Conjurer began the quest for the Orb.
     0 | D        | Reached XP level 1. HP: 9/9 MP: 5/5
     1 | D        | Noticed Ijyb
    48 | D        | Killed Ijyb
    48 | D        | Reached skill level 5 in Dodging
    48 | D        | Reached skill level 5 in Stealth
    48 | D        | Reached XP level 2. HP: 7/13 MP: 1/8
   232 | D        | Noticed an ogre
   312 | D        | Killed an ogre
   312 | D        | Reached skill level 7 in Stealth
   312 | D        | Reached XP level 3. HP: 16/16 MP: 0/13
   312 | D        | Reached XP level 4. HP: 21/21 MP: 0/14
   419 | D        | Noticed Sigmund
   428 | D        | Learned a level 2 spell: Searing Ray
   432 | D        | Learned a level 3 spell: Dazzling Spray
   437 | D        | Learned a level 4 spell: Iskenderun's Mystic Blast
   443 | D        | Killed Sigmund
   443 | D        | Reached skill level 10 in Stealth
   443 | D        | Reached XP level 5. HP: 24/24 MP: 6/18
   443 | D        | Reached XP level 6. HP: 28/28 MP: 6/19
   525 | D        | Found a deep blue altar of Sif Muna.
   526 | D        | Noticed a jelly
   527 | D        | Found a radiant altar of Vehumet.
   535 | D        | Found a snail-covered altar of Cheibriados.
   535 | D        | Found a viscous altar of Jiyva.
   535 | D        | Found a shadowy altar of Dithmenos.
   535 | D        | Found a blossoming altar of Fedhas.
   535 | D        | Noticed a slime creature
   538 | D        | Became a worshipper of Jiyva Judeggah the Shapeless
   544 | D        | Found Kampurchi's Magic Scroll Emporium.
   544 | D        | Found a stormy altar of Qazlal.
   544 | D        | Noticed a yak
   545 | D        | Found a burning altar of Makhleb.
   545 | D        | Found a sacrificial altar of Ru.
   545 | D        | Found a shimmering altar of Xom.
   545 | D        | Found an opulent altar of Gozag.
   546 | D        | Found a white marble altar of Elyvilon.
   546 | D        | Found a glowing golden altar of the Shining One.
   546 | D        | Found a glowing silver altar of Zin.
   547 | D        | Found a basalt altar of Yredelemnul.
   547 | D        | Found a sparkling altar of Nemelex Xobeh.
   547 | D        | Found an ancient bone altar of Kikubaaqudgha.
   549 | D        | Found an iron altar of Okawaru.
   551 | D        | Killed a jelly
   569 | D        | Killed a yak
   569 | D        | Reached skill level 11 in Stealth
   569 | D        | Reached skill level 10 in Spellcasting
   572 | D        | Found a bloodstained altar of Trog.
   576 | D        | Bought a scroll of identify for 20 gold pieces
   576 | D        | Bought a scroll of blinking for 75 gold pieces
   576 | D        | Bought a scroll of enchant armour for 75 gold pieces
   609 | D        | Learned a level 4 spell: Fulminant Prism
   611 | D        | Acquired Jiyva's first power
   613 | D        | Acquired Jiyva's second power
   615 | D        | Learned a level 5 spell: Iskenderun's Battlesphere
   617 | D        | Noticed a kobold demonologist
   617 | D        | Gained mutation: You tend to lose your temper in combat. [Jiyva's grace]
   619 | D        | Acquired Jiyva's third power
   620 | D        | Lost mutation: You tend to lose your temper in combat. [Jiyva's grace]
   621 | D        | Acquired Jiyva's fourth power
   628 | D        | Gained mutation: Your spells are a little harder to cast, but a little more powerful. [Jiyva's grace]
   631 | D        | Noticed a kobold demonologist
   632 | D        | Noticed a rust devil
   632 | D        | Killed a kobold demonologist
   632 | D        | Reached skill level 13 in Stealth
   632 | D        | Reached XP level 7. HP: 32/32 MP: 17/22
   632 | D        | Gained mutation: You are agile. (Dex +2) [Jiyva's grace]
   637 | D        | Noticed a sun demon
   639 | D        | Killed a kobold demonologist
   642 | D        | Gained mutation: You have a small jelly attached to you that may absorb incoming projectiles. [Jiyva's grace]
   645 | D        | Lost mutation: You are agile. (Dex +2) [Jiyva's grace]
   645 | D        | Gained mutation: You are somewhat resistant to further mutation. [Jiyva's grace]
   645 | D        | Gained mutation: Armour fits poorly on your strangely shaped body. [Jiyva's grace]
   656 | D        | Noticed a demonic crawler
   656 | D        | Noticed a demonic crawler
   656 | D        | Noticed a demonic crawler
   656 | D        | Noticed a demonic crawler
   660 | D        | Noticed a centaur warrior
   665 | D        | Killed a slime creature
   668 | D        | Killed a demonic crawler
   668 | D        | Reached skill level 14 in Stealth
   668 | D        | Lost mutation: You have a small jelly attached to you that may absorb incoming projectiles. [Jiyva's grace]
   669 | D        | Killed a centaur warrior
   669 | D        | Reached skill level 15 in Stealth
   669 | D        | Reached XP level 8. HP: 36/36 MP: 23/25
   670 | D        | Killed a demonic crawler
   670 | D        | Reached skill level 1 in Fighting
   673 | D        | Gained mutation: You are agile. (Dex +2) [Jiyva's grace]
   673 | D        | Killed a demonic crawler
   675 | D        | Killed a demonic crawler
   675 | D        | Reached skill level 5 in Charms
   681 | D        | Gained mutation: You can spit weak poison. [Jiyva's grace]
   681 | D        | Lost mutation: Your spells are a little harder to cast, but a little more powerful. [Jiyva's grace]
   684 | D        | Noticed Sonja
   698 | D        | Gained mutation: Your flesh is heat resistant. [Jiyva's grace]
   709 | D        | Killed a shining eye
   710 | D        | Gained mutation: Your spells are a little harder to cast, but a little more powerful. [Jiyva's grace]
   716 | D        | Noticed a lindwurm
   727 | D        | Killed a lindwurm
   727 | D        | Reached XP level 9. HP: 43/46 MP: 21/26
   739 | D        | Noticed a hog
   739 | D        | Noticed a hog
   739 | D        | Noticed a hog
   739 | D        | Noticed a hog
   739 | D        | Noticed a hog
   739 | D        | Noticed a hog
   739 | D        | Noticed a hog
   739 | D        | Noticed a hog
   739 | D        | Noticed a hog
   740 | D        | Noticed a hog
   740 | D        | Noticed a hog
   740 | D        | Noticed a hog
   743 | D        | Killed a hog
   745 | D        | Killed a hog
   746 | D        | Killed a shining eye
   747 | D        | Killed a hog
   748 | D        | Killed a hog
   749 | D        | Killed a hog
   751 | D        | Killed a hog
   752 | D        | Killed a hog
   752 | D        | Killed a hog
   753 | D        | Killed a hog
   754 | D        | Killed a hog
   754 | D        | Reached skill level 10 in Charms
   763 | D        | Noticed a hog
   763 | D        | Killed a hog
   764 | D        | Killed a hog
   764 | D        | Reached skill level 10 in Hexes
   764 | D        | Killed a shining eye
   765 | D        | Killed a hog
   783 | D        | Gained mutation: You have acidic saliva. [Jiyva's grace]
   791 | D        | Noticed a centaur warrior
   796 | D        | Killed a centaur warrior
   809 | D        | Lost mutation: Armour fits poorly on your strangely shaped body. [Jiyva's grace]
   820 | D        | Noticed a 12-headed hydra
   827 | D        | Gained mutation: You are partially covered in rough black scales (AC +4, Dex -1). [Jiyva's grace]
   840 | D        | Gained mutation: You have sharp fingernails. [Jiyva's grace]
   843 | D        | Killed a 12-headed hydra
   844 | D        | Was placed under penance by Jiyva
   844 | D        | Was forgiven by Jiyva
   877 | D        | Noticed a golden dragon
   890 | D        | Lost mutation: You are agile. (Dex +2) [Jiyva's grace]
   898 | D        | Noticed an unseen horror
   900 | D        | Gained mutation: Your magical capacity is low (-10% MP). [Jiyva's grace]
   907 | D        | Noticed an unseen horror
   909 | D        | Gained mutation: You have sharp toenails. [Jiyva's grace]
   923 | D        | Gained mutation: You have a small jelly attached to you that senses nearby items. [Jiyva's grace]
   924 | D        | Noticed a gargoyle
   933 | D        | Killed a gargoyle
   933 | D        | Reached skill level 10 in Dodging
   933 | D        | Reached XP level 10. HP: 51/51 MP: 25/25
   934 | D        | Lost mutation: You can spit weak poison. [Jiyva's grace]
   956 | D        | Noticed a shining eye
   971 | D        | Noticed a deep troll
   973 | D        | Noticed a wasp
   977 | D        | Noticed an oklob plant
   979 | D        | Lost mutation: Your flesh is heat resistant. [Jiyva's grace]
   981 | D        | Killed a wasp
   991 | D        | Killed a deep troll
   991 | D        | Reached skill level 5 in Fighting
  1012 | D        | Noticed a trapdoor spider
  1016 | D        | Killed an oklob plant
  1020 | D        | Noticed a trapdoor spider
  1023 | D        | Slimified a trapdoor spider
  1023 | D        | Noticed an acid blob
  1023 | D        | a trapdoor spider changed into an acid blob
  1030 | D        | Gained mutation: You are resistant to hostile enchantments. [Jiyva's grace]
  1033 | D        | Killed a trapdoor spider
  1035 | D        | Noticed a trapdoor spider
  1038 | D        | Killed a trapdoor spider
  1039 | D        | Gained mutation: Your magical capacity is very low (-20% MP). [Jiyva's grace]
  1041 | D        | Noticed a trapdoor spider
  1042 | D        | Killed a trapdoor spider
  1053 | D        | Noticed an unseen horror
  1056 | D        | Noticed an unseen horror
  1065 | D        | Killed an unseen horror
  1067 | D        | Killed an unseen horror
  1096 | D        | Bought a scroll of identify for 20 gold pieces
  1098 | D        | Lost mutation: You have sharp fingernails. [potion of cure mutation]
  1098 | D        | Lost mutation: You are resistant to hostile enchantments. [potion of cure mutation]
  1098 | D        | Lost mutation: You have acidic saliva. [potion of cure mutation]
  1105 | D        | Killed a necrophage
  1107 | D        | Killed a jelly
  1112 | D        | Killed a necrophage
  1112 | D        | Killed a jelly
  1113 | D        | Killed a jelly
  1113 | D        | Gained mutation: Your system is resistant to poisons. [Jiyva's grace]
  1114 | D        | Killed a jelly
  1115 | D        | Gained mutation: You passively map a small area around you. [Jiyva's grace]
  1116 | D        | Lost mutation: You have a small jelly attached to you that senses nearby items. [Jiyva's grace]
  1116 | D        | Lost mutation: Your spells are a little harder to cast, but a little more powerful. [Jiyva's grace]
  1116 | D        | Gained mutation: Armour fits poorly on your pseudopods. [Jiyva's grace]
  1117 | D        | Gained mutation: Your body is partially covered in golden eyeballs (Acc +3). [Jiyva's grace]
  1120 | D        | Lost mutation: Your magical capacity is very low (-20% MP). [Jiyva's grace]
  1123 | D        | Gained mutation: You are partially covered in large bone plates (AC +2, SH +2). [Jiyva's grace]
  1123 | D        | Killed a necrophage
  1125 | D        | Killed a necrophage
  1128 | D        | Gained mutation: Your skin is partially translucent (Stealth, -foe acc). [Jiyva's grace]
  1129 | D        | Killed a necrophage
  1131 | D        | Gained mutation: You have a beak for a mouth. [Jiyva's grace]
  1133 | D        | Gained mutation: You are partially covered in thin metallic scales (AC +2). [Jiyva's grace]
  1141 | D        | Killed a necrophage
  1145 | D        | Found Bul Miex's Book Boutique.
  1145 | D        | Noticed a shining eye
  1147 | D        | Noticed a shining eye
  1151 | D        | Killed a jelly
  1152 | D        | Killed Sonja
  1155 | D        | Noticed a shining eye
  1159 | D        | Found Qivedda's Weapon Emporium.
  1159 | D        | Found Ynuom's Weapon Boutique.
  1159 | D        | Noticed a shining eye
  1160 | D        | Killed an unseen horror
  1162 | D        | Killed a necrophage
  1169 | D        | Bought a book of Power for 630 gold pieces
  1173 | D        | Gained mutation: You are covered in fur (AC +1). [Jiyva's grace]
  1175 | D        | Learned a level 5 spell: Venom Bolt
  1176 | D        | Killed a jelly
  1180 | D        | Gained mutation: Your rubbery body absorbs attacks (AC +1). [Jiyva's grace]
  1181 | D        | Learned a level 5 spell: Bolt of Magma
  1184 | D        | Gained mutation: Your body is mostly covered in golden eyeballs (Acc +5). [Jiyva's grace]
  1189 | D        | Learned a level 7 spell: Spellforged Servitor
  1197 | D        | Found Edeo's General Store.
  1198 | D        | Found Udase's Distillery.
  1203 | D        | Bought a potion of heal wounds for 50 gold pieces
  1205 | D        | Lost mutation: Your magical capacity is low (-10% MP). [Jiyva's power]
  1218 | D        | Killed a jelly
  1224 | D        | Lost mutation: Your body is mostly covered in golden eyeballs (Acc +5). [Jiyva's grace]
  1235 | D        | Gained mutation: You are somewhat resistant to both further mutation and mutation removal. [Jiyva's grace]
  1239 | D        | Found Eruhup's Armour Emporium.
  1245 | D        | Lost mutation: You are partially covered in large bone plates (AC +2, SH +2). [Jiyva's grace]
  1249 | D        | Lost mutation: Armour fits poorly on your pseudopods. [Jiyva's grace]
  1253 | D        | Gained mutation: You are agile. (Dex +2) [Jiyva's grace]
  1261 | D        | Gained mutation: You can spit weak poison. [Jiyva's grace]
  1264 | D        | Lost mutation: You are covered in fur (AC +1). [Jiyva's grace]
  1278 | D        | Found Pyacures's Armour Boutique.
  1278 | D        | Found Arunomok's Book Shoppe.
  1278 | D        | Gained mutation: Your flesh is heat resistant. [Jiyva's grace]
  1279 | D        | Found Gixtofar's Book Shop.
  1279 | D        | Found Widuvo's Distillery.
  1280 | D        | Found Dobraut's Food Emporium.
  1281 | D        | Found Qaocowkea's Antique Armour Emporium.
  1282 | D        | Gained mutation: You have a small jelly attached to you that may absorb incoming projectiles. [Jiyva's grace]
  1285 | D        | Found Oru Paint's Food Emporium.
  1285 | D        | Found Tinwol's Armour Shop.
  1285 | D        | Found Yttenkarph's Gadget Shoppe.
  1285 | D        | Found Ivvogen's Assorted Antiques.
  1285 | D        | Found Byufit's Antique Armour Emporium.
  1285 | D        | Found Xynuh's Antique Weapon Shop.
  1285 | D        | Found Sowihas's Magic Scroll Shoppe.
  1288 | D        | Found Caqob's Antique Weapon Boutique.
  1292 | D        | Bought a runed dagger for 38 gold pieces
  1293 | D        | Gained mutation: You can spit poison. [Jiyva's grace]
  1300 | D        | Lost mutation: Your rubbery body absorbs attacks (AC +1). [Jiyva's grace]
  1300 | D        | Gained mutation: Your skin is mostly translucent (Stealth, -foe acc). [Jiyva's grace]
  1305 | D        | Gained mutation: Your rubbery body absorbs attacks (AC +1). [Jiyva's grace]
  1309 | D        | Lost mutation: Your rubbery body absorbs attacks (AC +1). [Jiyva's grace]
  1328 | D        | Gained mutation: You are covered in slimy tendrils that may disarm your opponents. [Jiyva's grace]
  1362 | D        | Noticed Norris
  1379 | D        | Killed an unseen horror
  1450 | D        | Noticed a lorocyproca
  1479 | D        | Killed a lorocyproca
  1479 | D        | Reached skill level 1 in Fire Magic
  1479 | D        | Reached skill level 1 in Earth Magic
  1479 | D        | Reached skill level 1 in Poison Magic
  1488 | D        | Killed a wasp
  1557 | D        | Killed a hellwing
  1574 | D        | Killed an unseen horror
  1576 | D        | Killed a wasp
  1604 | D        | Killed a wasp
  1616 | D        | Killed a shadow dragon
  1671 | D        | Noticed a daeva
  1680 | D        | Noticed a deep elf annihilator
  1781 | D        | Killed a siren
  1947 | D        | Found Vuhikkem's Book Shoppe.
  1987 | D        | Killed a wasp
  1999 | D        | Killed a deep elf annihilator
  1999 | D        | Reached XP level 11. HP: 58/58 MP: 4/30
  2051 | D        | Noticed a siren
  2119 | D        | Noticed a gargoyle
  2124 | D        | Killed a gargoyle
  2136 | D        | Killed a deep elf master archer
  2142 | D        | Killed a siren
  2171 | D        | Noticed a mummy priest
  2176 | D        | Gained mutation: You have sharp fingernails. [Jiyva's grace]
  2180 | D        | Lost mutation: You can spit poison. [Jiyva's grace]
  2192 | D        | Killed a mummy priest
  2192 | D        | Reached skill level 15 in Spellcasting
  2192 | D        | Noticed a soul eater
  2200 | D        | HP: 2/58 [fulminant prism[the player character] (24)]
  2200 | D        | Was placed under penance by Jiyva
  2737 | D        | Was forgiven by Jiyva
  2737 | D        | Gained mutation: Your rubbery body absorbs attacks (AC +1). [Jiyva's grace]
  2768 | D        | Noticed an oklob plant
  2776 | D        | Killed an oklob plant
  2776 | D        | Reached skill level 16 in Stealth
  2898 | D        | Lost mutation: You are somewhat resistant to both further mutation and mutation removal. [Jiyva's grace]
  2898 | D        | Lost mutation: You are somewhat resistant to further mutation. [Jiyva's grace]
  2898 | D        | Gained mutation: You evolve. [Jiyva's grace]
  2969 | D        | Gained mutation: You are mostly covered in thin metallic scales (AC +3). [Jiyva's grace]
  2973 | D        | Gained mutation: Your muscles are strong. (Str +2) [Jiyva's grace]
  2979 | D        | Gained mutation: Your muscles are very strong. (Str +4) [Jiyva's grace]
  2999 | D        | Lost mutation: Your flesh is heat resistant. [Jiyva's grace]
  2999 | D        | Lost mutation: You can spit weak poison. [Jiyva's grace]
  2999 | D        | Gained mutation: You have razor-sharp toenails. [Jiyva's grace]
  3051 | D        | Noticed Lom Lobon
  3059 | D        | Killed an unseen horror
  3077 | D        | Noticed an unseen horror
  3125 | D        | Bought a potion of flight for 30 gold pieces
  3125 | D        | Bought a potion of cancellation for 80 gold pieces
  3132 | D        | Bought a potion of curing for 36 gold pieces
  3132 | D        | Bought a scroll of blinking for 90 gold pieces
  3149 | D        | Learned a level 4 spell: Ice Form
  3186 | D        | Bought 3 scrolls of amnesia for 147 gold pieces
  3207 | D        | Learned a level 7 spell: Orb of Destruction
  3246 | D        | Gained mutation: You rapidly evolve. [Jiyva's grace]
  3252 | D        | Lost mutation: Your rubbery body absorbs attacks (AC +1). [Jiyva's grace]
  3260 | D        | Noticed the 27-headed Lernaean hydra
  3303 | D        | Slain by the 27-headed Lernaean hydra

Vault maps used:
D:        dungeon_sprint_1

Action                   |  1- 3 |  4- 6 |  7- 9 | 10-12 || total
-------------------------+-------+-------+-------+-------++-------
Melee: Unarmed           |    19 |       |       |     1 ||    20
       Dagger            |       |       |       |     2 ||     2
 Cast: Magic Dart        |    18 |     6 |     8 |    40 ||    72
       Searing Ray       |       |     3 |     7 |     4 ||    14
       Dazzling Spray    |       |     5 |     6 |    29 ||    40
       Iskenderun's Batt |       |       |     8 |    16 ||    24
       Fulminant Prism   |       |       |       |     2 ||     2
       Iskenderun's Myst |       |       |       |     1 ||     1
Invok: Request Jelly     |       |       |     1 |     1 ||     2
       Slimify           |       |       |       |     2 ||     2
       Jelly Paralyse    |       |       |       |     1 ||     1
       Cure Bad Mutation |       |       |       |     1 ||     1
 Abil: Spit Poison       |       |       |     1 |       ||     1
  Use: Potion            |     1 |       |       |     2 ||     3
       Scroll            |       |     2 |       |     4 ||     6
